 Dungeon Crawl Stone Soup version 0.23.2-30-g0e89c35649 (webtiles) character file.

Game seed: 8492231767938062476

349 Plasmo the Magician (level 6, -3/39 HPs)
             Began as an Octopode Wizard on June 15, 2019.
             Slain by an orc
             ... wielding a +0 club
              (5 damage)
             ... on level 4 of the Dungeon.
             The game lasted 00:24:03 (4358 turns).

Plasmo the Magician (Octopode Wizard)               Turns: 4358, Time: 00:24:04

Health: -3/39      AC:  1    Str:  8    XL:     6   Next: 60%
Magic:  11/11      EV: 13    Int: 21    God:
Gold:   278        SH:  0    Dex: 10    Spells: 3/12 levels left

rFire    . . .     SeeInvis .   p - +0 mace
rCold    . . .     Gourm    .   (no shield)
rNeg     . . .     Faith    .   k - +0 hat
rPois    .         Spirit   .   (no amulet)
rElec    .         Reflect  .   (no ring)
rCorr    .         Harm     .   (no ring)
MR       .....                  (no ring)
Stlth    +++.......             (no ring)
HPRegen  0.13/turn              (no ring)
MPRegen  0.12/turn              (no ring)
                                (no ring)
                                (no ring)

@: berserk cooldown, slowed, drained, very slow
A: almost no armour, stealthy swim, amphibious, 8 rings, constrict 8, camouflage
1, gelatinous body 1
a: no special abilities


You were on level 4 of the Dungeon.
You were not hungry.

You visited 1 branch of the dungeon, and saw 4 of its levels.

You collected 278 gold pieces.

Inventory:

Hand Weapons
 b - a +0 dagger
 p - a +0 mace (weapon)
Armour
 k - a +0 hat (worn)
Jewellery
 j - an uncursed ring of fire
Scrolls
 f - 2 scrolls of immolation
 g - 2 scrolls of fog
 i - a scroll of enchant weapon
 m - 2 scrolls of identify
 n - 2 scrolls of remove curse
 q - a scroll of amnesia
 r - a scroll of enchant armour {unknown}
Potions
 a - 2 potions of lignification
 e - a potion of haste
 h - a potion of curing
 l - 3 potions of brilliance {unknown}
 o - a potion of invisibility {unknown}
Comestibles
 c - 5 rations


   Skills:
 * Level 2.0(1.2) Fighting
 - Level 1.0(0.2) Short Blades
 + Level 1.2(0.4) Maces & Flails
 + Level 1.3(0.5) Throwing
 * Level 2.9(2.0) Dodging
 + Level 3.5(2.7) Stealth
 + Level 1.3(0.5) Unarmed Combat
 * Level 3.7(2.9) Spellcasting
 * Level 2.5(1.7) Conjurations
 + Level 1.6(0.8) Summonings
   Level 1.0(0.2) Translocations
 + Level 0.6(0.0) Fire Magic
 + Level 0.7(0.0) Air Magic
 + Level 1.0(0.2) Poison Magic


You had 3 spell levels left.
You knew the following spells:

 Your Spells              Type           Power        Failure   Level  Hunger
a - Magic Dart            Conj           ##..         7%          1    None
b - Call Imp              Summ           #.......     14%         2    ##.....
c - Conjure Flame         Conj/Fire      #.......     28%         3    ###....
d - Mephitic Cloud        Conj/Pois/Air  #.......     30%         3    ###....

Your spell library contained the following spells:

 Spells                   Type           Power        Failure   Level  Hunger
 Blink                    Tloc           N/A          19%         2    ##.....
 Slow                     Hex            #.......     21%         2    ##.....


Dungeon Overview and Level Annotations

Branches:
Dungeon (4/15)
 Temple: D:4-7

Altars:

Annotations:
D:4 2 transporters, Menkaure; voshxx's ghost, amateur DEFE


Innate Abilities, Weirdness & Mutations

You cannot wear most types of armour.
You are very stealthy in the water. (Stealth+)
You are amphibious.
You can wear up to eight rings at the same time.
You can use your tentacles to constrict eight enemies at once.
Your skin changes colour to match your surroundings (Stealth+).
Your rubbery body absorbs attacks. (AC +1, EV +1)


Message History

The orc priest closely misses you.
You bump into the rock wall.
You are no longer berserk.
You are exhausted.
You feel yourself slow down.
The orc hits you with a +2 mace of draining.
You feel drained. The orc priest hits you.
* * * LOW HITPOINT WARNING * * *
The orc closely misses you.
You're too confused to move!
You feel less confused. The orc priest hits you.
* * * LOW HITPOINT WARNING * * *
The orc misses you. The orc hits you but does no damage.
You feel better.
The orc priest invokes the aid of Beogh against you.
Pain shoots through your body!
* * * LOW HITPOINT WARNING * * *
The orc hits you with a +0 club.
You die...

##....#..#..#...#o##............#
....###.....#..##......###....###
..#.# ###.#............###....#
...####...##....#.......##....##
.......#.###....#..............#
........................##....##
#.#######.##....o..#####.....###
### #.#####ooo.# #.......# ###
##@### ##..#..## ### #######


You could see an orc priest and 3 orcs.

Vanquished Creatures
  An ogre (D:4)
  A bullfrog (D:2)
  2 iguanas (D:4)
  3 gnolls (D:4)
  3 adders
  2 worms
  A dart slug (D:1)
  2 leopard geckos
  5 orcs (D:4)
  6 giant cockroaches
  4 hobgoblins
  7 jackals
  2 quokkas
  9 bats
  4 frilled lizards
  5 goblins (D:1)
  2 kobolds
  5 rats
64 creatures vanquished.

Vanquished Creatures (collateral kills)
  A howler monkey (D:3)
  A crimson imp (D:3)
  An orc (D:3)
  A hobgoblin (D:3)
  A leopard gecko skeleton (D:4)
5 creatures vanquished.

Grand Total: 69 creatures vanquished

Notes
Turn   | Place    | Note
-------+----------+-------------------------------------------
     0 | D:1      | Plasmo the Octopode Wizard began the quest for the Orb.
     0 | D:1      | Reached XP level 1. HP: 11/11 MP: 4/4
   309 | D:1      | Reached XP level 2. HP: 11/18 MP: 6/6
   483 | D:1      | Learned a level 2 spell: Call Imp
  1093 | D:2      | Reached XP level 3. HP: 22/22 MP: 7/7
  1648 | D:2      | Reached skill level 1 in Fighting
  1724 | D:2      | Noticed a bullfrog
  1741 | D:2      | Reached XP level 4. HP: 16/28 MP: 2/8
  1893 | D:2      | Killed a bullfrog
  2682 | D:2      | Learned a level 3 spell: Conjure Flame
  2686 | D:2      | Learned a level 3 spell: Mephitic Cloud
  2738 | D:3      | Reached skill level 1 in Throwing
  2738 | D:3      | Reached XP level 5. HP: 32/33 MP: 10/10
  2963 | D:3      | Reached skill level 1 in Unarmed Combat
  3294 | D:4      | Reached skill level 1 in Maces & Flails
  3311 | D:4      | Found a transporter.
  3314 | D:4      | Noticed voshxx's ghost (amateur DEFE)
  3315 | D:4      | Noticed a hungry ghost
  3332 | D:4      | Noticed Menkaure
  3352 | D:4      | Reached skill level 1 in Short Blades
  3362 | D:4      | Found a transporter.
  3653 | D:4      | Noticed an ogre
  3672 | D:4      | Reached XP level 6. HP: 5/39 MP: 7/11
  4333 | D:4      | Reached skill level 1 in Poison Magic
  4358 | D:4      | Slain by an orc

Skill      XL: |  1  2  3  4  5  6 |
---------------+-------------------+-----
Stealth        | 3 |  3.5
Fighting       | 1 2 |  2.0
Conjurations   | 2 |  2.5
Throwing       | 1 |  1.3
Unarmed Combat | 1 |  1.3
Maces & Flails | 1 |  1.2
Short Blades   | 1 |  1.0
Poison Magic   | 1 |  1.0
Dodging        | |  2.9
Spellcasting   | |  3.7
Summonings     | |  1.6
Translocations | |  1.0
Fire Magic     | |  0.6
Air Magic      | |  0.7

Action                   |  1- 3 |  4- 6 || total
-------------------------+-------+-------++-------
Melee: Club              |    89 |    28 ||   117
       Dagger            |     8 |       ||     8
       Constrict         |    24 |    23 ||    47
       Tentacles         |    13 |    15 ||    28
       Mace              |       |    53 ||    53
 Cast: Magic Dart        |     6 |    11 ||    17
       Call Imp          |       |     5 ||     5
       Mephitic Cloud    |       |     8 ||     8
  Use: Scroll            |     5 |     8 ||    13
       Potion            |       |     6 ||     6
 Stab: Sleeping          |     5 |     9 ||    14
       Confused          |       |     2 ||     2
  Eat: Chunk             |     2 |     3 ||     5
       Ration            |       |     2 ||     2
Armor: Skin              |    10 |     4 ||    14
Dodge: Dodged            |    76 |    62 ||   138
